 Dungeon Crawl Stone Soup version 0.31.0-32-g396128a36d (webtiles) character file.

Game seed: 12779869154498801263

1132 PaiMei the Gusty (level 8, 0/48 HPs)
             Began as a Tengu Air Elementalist on Mar 20, 2024.
             Slain by Edmund
             ... wielding a +3 flail of protection
              (4 damage)
             ... on level 5 of the Dungeon.
             The game lasted 00:07:18 (5995 turns).

PaiMei the Gusty (Tengu Air Elementalist)           Turns: 5995, Time: 00:07:19

Health: 0/48       AC:  3    Str:  8    XL:     8   Next: 36%
Magic:  0/15       EV: 23    Int: 23    God:
Gold:   324        SH:  0    Dex: 16    Spells: 12/15 levels left

rFire   . . .        r - +2 dagger (venom)
rCold   . . .        (no shield)
rNeg    . . .        a - +0 robe
rPois   .            (helmet restricted)
rElec   .            (no cloak)
rCorr   .            o - +0 pair of gloves
SInv    .            (boots unavailable)
Will    .....        (no amulet)
Stlth   ++           h - +5 ring of evasion
HPRegen 0.28/turn    v - +6 ring of intelligence
MPRegen 0.14/turn

%: acrobat
@: flying
A: beak, talons 3, evasive flight, acrobatic
a: no special abilities


You were on level 5 of the Dungeon.
You visited 1 branch of the dungeon, and saw 5 of its levels.

You collected 324 gold pieces.

Inventory:

Hand Weapons
 r - a +2 dagger of venom (weapon)
 x - a +2 sling of flaming
 B - a +2 shortbow of electrocution
Armour
 a - a +0 robe (worn)
 l - a +0 kite shield
 o - a +0 pair of gloves (worn)
Jewellery
 d - a ring of ice
 h - a +5 ring of evasion (left hand)
 v - a +6 ring of intelligence (right hand)
 z - an amulet of magic regeneration
Scrolls
 c - 3 scrolls of blinking {unknown}
 j - 2 scrolls of immolation {unknown}
 k - 3 scrolls of identify {unknown}
 n - a scroll of noise {unknown}
 q - a scroll of enchant armour {unknown}
 t - a scroll of amnesia {unknown}
 u - a scroll of silence {unknown}
 y - a scroll of fear {unknown}
 A - a scroll of poison {unknown}
Potions
 b - 2 potions of magic
 e - 6 potions of curing
 f - a potion of enlightenment {unknown}
 g - a potion of resistance {unknown}
 i - 2 potions of lignification {unknown}
 m - a potion of heal wounds {unknown}
 p - a potion of berserk rage {unknown}
 s - a potion of mutation {unknown}
 w - a potion of cancellation {unknown}


   Skills:
 + Level 4.0 Fighting
 + Level 5.1 Dodging
 - Level 2.1 Stealth
 + Level 4.3 Spellcasting
 + Level 5.6 Conjurations
 + Level 6.8 Air Magic


You had 12 spell levels left.
You knew the following spells:

 Your Spells              Type           Power      Damage    Failure   Level
a - Shock                 Conj/Air       100%       1d9       1%          1
b - Static Discharge      Conj/Air       66%        3-6/arc   1%          2

Your spell library contained the following spells:

 Spells                   Type           Power      Damage    Failure   Level
 Swiftness                Air            36%        N/A       1%          3
 Foxfire                  Conj/Fire      68%        2x1d7     3%          1
 Sting                    Conj/Alch      68%        1d7       3%          1
 Mercury Vapours          Alch/Air       40%        N/A       3%          2
 Airstrike                Air            18%        2d(3-19)  6%          4
 Inner Flame              Hex/Fire       5%         N/A       30%         3
 Flame Wave               Conj/Fire      17%        2d7       32%         4
 Olgreb's Toxic Radiance  Alch           5%         N/A       69%         4
 Sticky Flame             Fire/Alch      5%         2d4       69%         4
 Plasma Beam              Fire/Air       10%        2x1d21    98%         6
 Starburst                Conj/Fire      8%         6d4       99%         6


Dungeon Overview and Level Annotations

Branches:
Dungeon (5/15)
 Temple: D:4-7

Altars:
Dithmenos
Elyvilon
Okawaru
Ru
Sif Muna
Trog
Uskayaw

Shops:
D:1 [

Annotations:
D:5 Edmund


Innate Abilities, Weirdness & Mutations

You have a beak for a mouth.
You have claws for feet.
Your magical flight helps you evade attacks. (EV +4)
You can magically evade attacks while moving or waiting.


Message History

Edmund is severely wounded.
Edmund closely misses you.
Casting: Shock (safe; 1% risk of failure)
Confirm with . or Enter, or press ? or * to list all spells.
Aiming: Shock (safe; 1% risk of failure)
Press: ? - help, Shift-Dir - straight line The zap misses Edmund.
Edmund barely misses you.
Casting: Shock (safe; 1% risk of failure)
Confirm with . or Enter, or press ? or * to list all spells.
Aiming: Shock (safe; 1% risk of failure)
Press: ? - help, Shift-Dir - straight line The zap hits Edmund but does no damage.
Edmund is severely wounded.
Edmund barely misses you.
You closely miss Edmund. Your kick misses Edmund.
You peck Edmund, but do no damage.
Edmund is severely wounded.
Edmund completely misses you.
You hit Edmund but do no damage.
Edmund is poisoned.
You claw Edmund, but do no damage.
Edmund is severely wounded.
Edmund hits you with a +3 flail of protection!
* * * LOW HITPOINT WARNING * * *
Casting: Shock (safe; 1% risk of failure)
Confirm with . or Enter, or press ? or * to list all spells.
Aiming: Shock (safe; 1% risk of failure)
Press: ? - help, Shift-Dir - straight line The zap hits Edmund.
Edmund is almost dead.
Edmund hits you with a +3 flail of protection!
* * * LOW HITPOINT WARNING * * *
Casting: Shock (safe; 1% risk of failure)
Confirm with . or Enter, or press ? or * to list all spells.
You don't have enough magic to cast this spell.
You barely miss Edmund. You claw Edmund, but do no damage.
You peck Edmund, but do no damage.
Edmund is almost dead.
Edmund hits you with a +3 flail of protection.
You die...
Edmund whines, "They better pay attention to me now!"

...# #.#.#..##.)#.+#+#..######
...# #.#.#......#..#.#..######
...# #.#.#..#.....#...........
...# ##...#..#.....#...........
...# #....#~~#...#.............
..######....####...#.#...........
............#. #...#.+...........
..######....#..#...#.#>..........
..# ##...#..@@..#....)...##'##
..# #...#....#[#.#.....##...# ..#
####.########.##...##..... ..#
...............##.###.#...# ###
...........###..##.##.8.8.8. _##
............# ##....#.....)..
P.#.............# ####.+........
..P.............# #.#........
.##..........<..# #.##.8.8.8.


You could see Edmund (very poisoned).

Vanquished Creatures
  Sigmund (D:5)
  An ice beast (D:4)
  2 ogres (D:4)
  A centaur (D:5)
  2 phantoms
  A bombardier beetle (D:4)
  A hound (D:5)
  A jelly (D:5)
  5 iguanas
  An orc wizard (D:3)
  2 sleepcaps (D:5)
  5 adders
  3 gnolls (D:5)
  2 ribbon worms
  5 dart slugs
  9 orcs
  7 bats
  11 endoplasms
  6 goblins
  3 hobgoblins
  4 jackals (D:3)
  8 kobolds
  A quokka (D:1)
  8 ball pythons
  6 frilled lizards
  10 rats
106 creatures vanquished.

Notes
Turn   | Place    | Note
-------+----------+-------------------------------------------
     0 | D:1      | PaiMei the Tengu Air Elementalist began the quest for the
                  | Orb.
     0 | D:1      | Reached XP level 1. HP: 10/10 MP: 4/4
   101 | D:1      | Reached XP level 2. HP: 15/15 MP: 1/6
   623 | D:1      | Reached XP level 3. HP: 17/20 MP: 3/7
   626 | D:1      | Learned a level 2 spell: Static Discharge
   781 | D:1      | Found a faded altar of an unknown god.
   810 | D:1      | Found Tavomeh's Armour Shop.
  1045 | D:2      | Reached skill level 1 in Fighting
  1491 | D:2      | Reached XP level 4. HP: 25/25 MP: 1/8
  2427 | D:3      | Found a shadowy altar of Dithmenos.
  2724 | D:3      | Reached XP level 5. HP: 25/30 MP: 7/10
  3034 | D:3      | You fall into a shaft and drop 1 floor!
  3123 | D:4      | Reached skill level 5 in Air Magic
  3181 | D:4      | Noticed an ogre
  3261 | D:4      | Killed an ogre
  3262 | D:4      | Reached XP level 6. HP: 35/35 MP: 4/11
  3378 | D:4      | Found a hide-covered altar of Uskayaw.
  3486 | D:3      | Found a shimmering blue altar of Sif Muna.
  3745 | D:4      | Noticed an ice beast
  3755 | D:4      | Killed an ice beast
  3984 | D:4      | Gained mutation: Your magical flight helps you evade
                  | attacks. (EV +4) [Tengu growth]
  3984 | D:4      | Reached XP level 7. HP: 27/40 MP: 6/13
  4564 | D:5      | Entered Level 5 of the Dungeon
  4600 | D:5      | Reached skill level 6 in Air Magic
  4628 | D:5      | Found a sacrificial altar of Ru.
  5092 | D:5      | Reached skill level 5 in Conjurations
  5183 | D:5      | Noticed a vampire
  5276 | D:4      | HP: 2/41 [something (12)]
  5608 | D:5      | Reached XP level 8. HP: 30/48 MP: 9/15
  5728 | D:5      | Found a bloodstained altar of Trog.
  5728 | D:5      | Found a white marble altar of Elyvilon.
  5765 | D:5      | Found an iron altar of Okawaru.
  5896 | D:5      | Noticed Sigmund
  5905 | D:5      | Killed Sigmund
  5906 | D:5      | Reached skill level 5 in Dodging
  5975 | D:5      | Noticed Edmund
  5995 | D:5      | Slain by Edmund

Illustrated notes

Levels and vault maps discovered:
D:1:      roderic_chinese_lattice_arrival, layout_rooms,
          ebering_ecumenical_altar_ruins, serial_shops, shop, minmay_domino_4
D:2:      layout_basic
D:3:      layout_loops_ring, nicolae_sif_muna_little_library,
          grunt_dithmenos_smoke_and_mirrors, grunt_ministairs_1,
          chequers_serial_rivers_micro_e, nicolae_titane
D:4:      layout_basic, mainiacjoe_overflow_cross_hatched
D:5:      layout_basic, kennysheep_little_box,
          gammafunk_temple_overflow_forgotten, dk_noncrumbling_3,
          minmay_gold_behind_fungi, minmay_misc_feat_tower,
          sigmund_edmund_badplayer

Skill      XL: |  1  2  3  4  5  6  7  8 |
---------------+-------------------------+-----
Conjurations   | 2 3 4 5 |  5.6
Fighting       | 1 2 3 4 |  4.0
Dodging        | 3 4 5 |  5.1
Air Magic      | 5 6 |  6.8
Spellcasting   | 3 4 |  4.3
Stealth        | |  2.1

Action                     |  1- 3 |  4- 6 |  7- 9 || total
---------------------------+-------+-------+-------++-------
  Melee: Mace              |    11 |     2 |       ||    13
         Kick              |     3 |     6 |     8 ||    17
         Peck              |     3 |     5 |     5 ||    13
         Dagger            |       |    25 |    12 ||    37
   Cast: Shock             |    78 |   109 |   100 ||   287
         Static Discharge  |       |     1 |       ||     1
    Use: Potion            |       |       |     1 ||     1
 Armour: Robe              |     6 |    20 |    21 ||    47
  Dodge: Dodged            |    13 |    42 |    59 ||   114
